Red Wings vs Stars

Created - February 6, 2018 at 19:06

Goals
1 2 3 T
Red Wings 1 0 2 3
Stars 0 3 2 5
Shots
1 2 3 T
Red Wings 7 13 7 27
Stars 10 16 9 35

1st period

1. Red Wings , Alex Picard 11 (Chris Kelly 11, Ales Hemsky 8) at 6:53

Penalties :
Sean Bergenheim (Det) for Slashing (Minor) at 0:33, Trevor Daley (Dal) for Tripping (Minor) at 6:56, Phil Kessel (Det) for Tripping (Minor) at 10:21, Evgeny Artyukhin (Dal) for Charging (Minor) at 17:55

2nd period

2. Stars , Jussi Jokinen 23 (Evgeny Artyukhin 18, Raphael Diaz 10) at 1:49
3. Stars , Patrick Eaves 14 (Dustin Penner 4, Rickard Wallin 9) at 7:34
4. Stars , John Tavares 26 (Michael Frolik 35, Shaone Morrisonn 9) at 18:49

Penalties :
Evgeny Artyukhin (Dal) for Hooking (Minor) at 11:04

3rd period

5. Red Wings , Sean Bergenheim 14 (Jiri Fischer 7, Brent Seabrook 34) at 10:57
6. Stars , John Tavares 27 (Scott Hartnell 20, Michael Frolik 36) at 12:34
7. Red Wings , Adam Henrique 19 (Phil Kessel 24, Alex Picard 12) at 16:29
8. Stars , Brian Lee 8 (Johnny Oduya 11) at 19:11 (Empty Net)

Penalties :
Philip Samuelsson (Det) for Goalie Interference (Minor) at 7:05

Goalie Stats

Michal Neuvirth (Det), 30 saves from 34 shots - (0.882), L, 32-6-2, 59:28 minutes
Pascal Leclaire (Dal), 24 saves from 27 shots - (0.889), W, 22-15-2, 60:00 minutes

Players Stats for Red Wings

Player Name              G  A  P  +/- PIM S  H  SB GA TA FO     MP     PP MP  PK MP  
------------------------------------------------------------------------------------
Adam Henrique            1  0  1   1  0   2  1  2  0  1  1/2    18:19   2:25   0:00 
Ales Hemsky              0  1  1  -1  0   1  0  0  0  0  2/2    12:31   0:00   0:00 
Alex Picard              1  1  2  -1  0   1  0  0  0  0  0/0    13:00   0:00   1:05 
Brendan Bell             0  0  0   1  0   0  2  1  0  0  0/0     3:33   0:00   0:00 
Brent Seabrook           0  1  1   0  0   3  0  0  2  0  0/0    25:27   4:16   2:47 
Chris Kelly              0  1  1  -1  0   0  1  0  0  0  4/8    12:09   0:00   0:10 
Filip Kuba               0  0  0   1  0   1  1  0  1  0  0/0    14:50   0:00   2:47 
Jiri Fischer             0  1  1   0  0   0  1  1  0  0  0/0    23:24   1:41   3:10 
Mike Richards            0  0  0   0  0   3  1  1  1  0  7/15   19:46   3:32   0:00 
Nate Thompson            0  0  0   0  0   0  1  0  0  0  1/2     5:12   0:00   0:00 
Oleg Saprykin            0  0  0   0  0   0  1  0  0  0  0/0     8:17   0:00   3:05 
Ole-Kristian Tollefsen   0  0  0  -3  0   0  1  4  0  1  0/0    25:08   4:16   3:10 
Phil Kessel              0  1  1   0  2   6  1  0  2  3  0/2    19:40   2:25   0:00 
Philip Samuelsson        0  0  0  -3  2   0  2  1  0  0  0/0    19:07   1:41   0:00 
Rick Nash                0  0  0  -2  0   6  3  2  0  1  4/9    25:05   3:32   2:48 
Sean Bergenheim          1  0  1  -1  2   4  1  1  2  0  0/0    20:15   3:32   1:47 
Theo Peckham             0  0  0   0  0   0  0  0  0  2  0/0     8:43   0:00   0:00 
Tyler Johnson            0  0  0  -1  0   0  3  1  1  1  5/25   19:34   2:25   2:59 

Players Stats for Stars

Player Name              G  A  P  +/- PIM S  H  SB GA TA FO     MP     PP MP  PK MP  
------------------------------------------------------------------------------------
Andrei Markov            0  0  0   1  0   0  2  2  2  0  0/0    19:01   2:24   2:12 
Brian Lee                1  0  1  -1  0   3  1  1  1  1  0/0    27:22   3:33   3:45 
Daniel Cleary            0  0  0   0  0   2  0  1  0  0  0/0    11:13   0:07   0:00 
Dustin Penner            0  1  1  -1  0   0  0  0  1  0  0/0    11:32   0:07   2:14 
Evgeny Artyukhin         0  1  1   1  4   4  1  1  0  0  0/0    16:16   2:42   0:31 
John Tavares             2  0  2   1  0   6  2  0  1  1  22/32  18:11   3:08   0:10 
Johnny Oduya             0  1  1  -1  0   2  2  2  0  1  0/0    23:37   3:33   0:00 
Jussi Jokinen            1  0  1   1  0   1  1  0  0  1  1/1    15:52   3:08   0:09 
Matt Cooke               0  0  0   0  0   2  1  1  0  1  0/1    11:13   0:07   0:00 
Michael Frolik           0  2  2   2  0   4  1  0  2  1  1/1    18:16   3:08   0:00 
Michal Handzus           0  0  0   0  0   2  3  0  1  0  10/15  14:39   0:00   3:34 
Patrick Eaves            1  0  1  -1  0   2  1  0  0  0  0/0     8:36   0:00   0:00 
Raphael Diaz             0  1  1   2  0   0  2  4  0  0  0/0    16:36   0:00   2:12 
Rickard Wallin           0  1  1  -1  0   0  0  0  0  0  1/3    10:40   0:00   1:42 
Ryan Getzlaf             0  0  0   2  0   1  4  0  0  0  4/10   15:40   2:42   0:00 
Scott Hartnell           0  1  1   2  0   2  0  1  0  1  2/2    21:42   2:42   3:34 
Shaone Morrisonn         0  1  1   2  0   2  0  0  1  1  0/0    17:22   0:00   3:45 
Trevor Daley             0  0  0   1  2   2  0  1  0  1  0/0    16:12   2:24   0:00 

3 Stars

1 - John Tavares (Dal)
2 - Michael Frolik (Dal)
3 - Raphael Diaz (Dal)

Power Play

Red Wings - 0 on 3 Attempt(s) - 0.00%
Stars - 0 on 3 Attempt(s) - 0.00%

Penalty Kill

Red Wings - 3 on 3 Attempt(s) - 100.00% - Score 0 goal in Penalty Kill
Stars - 3 on 3 Attempt(s) - 100.00% - Score 0 goal in Penalty Kill

Team Stat

Red Wings - Hits : 20 - Faceoff Wins : 24 - Blocked Shots : 14 - Penalty Minutes : 6
Stars - Hits : 21 - Faceoff Wins : 41 - Blocked Shots : 14 - Penalty Minutes : 6

Official

Referees : O'Halloran Dan and Morton Dean
Linesman : Mark Wheler and Greg Devorski

Game Notes

Brian Lee has scored in a empty net!

Finance

Level 1 -- Attendance: 5808 (96.80%) -- Ticket Income $406,560
Level 2 -- Attendance: 4104 (82.08%) -- Ticket Income $246,240
Level 3 -- Attendance: 1182 (59.10%) -- Ticket Income $59,100
Level 4 -- Attendance: 2405 (60.13%) -- Ticket Income $96,200
Luxury Box -- Attendance: 1000 (100.00%) -- Ticket Income $105,000
Game was played at the American Airlines Center.
Total Attendance: 14499 (80.55%)
Total Ticket Income: $913,100
Other Income: $136,965
Total Income: $1,050,065

Red Wings

5 vs 5 Forward 
   Center                   Left Wing                Right Wing               Time % Phy DF OF 
 1 Mike Richards            Adam Henrique            Phil Kessel              36     0   2  3  
 2 Tyler Johnson            Sean Bergenheim          Rick Nash                36     0   2  3  
 3 Chris Kelly              Alex Picard              Ales Hemsky              20     0   3  2  
 4 Nate Thompson            Oleg Saprykin            Rick Nash                8      1   2  2  

5 vs 5 Defense 
   Defense                  Defense                                           Time % Phy DF OF 
 1 Brent Seabrook           Jiri Fischer                                      35     0   3  2  
 2 Philip Samuelsson        Ole-Kristian Tollefsen                            35     0   3  2  
 3 Filip Kuba               Theo Peckham                                      20     0   3  2  
 4 Filip Kuba               Brendan Bell                                      10     0   3  2  

PowerPlay Forward 
   Center                   Left Wing                Right Wing               Time % Phy DF OF 
 1 Rick Nash                Sean Bergenheim          Mike Richards            60     0   1  4  
 2 Tyler Johnson            Adam Henrique            Phil Kessel              40     0   1  4  

PowerPlay Defense
   Defense                  Defense                                           Time % Phy DF OF 
 1 Ole-Kristian Tollefsen   Brent Seabrook                                    60     0   2  3  
 2 Jiri Fischer             Philip Samuelsson                                 40     0   2  3  

Penalty Kill 4 Players Forward 
   Center                   Wing                     Time % Phy DF OF 
 1 Tyler Johnson            Oleg Saprykin            50     1   2  2  
 2 Rick Nash                Sean Bergenheim          50     1   2  2  

Penalty Kill 4 Players Defense
   Defense                  Defense                  Time % Phy DF OF 
 1 Brent Seabrook           Filip Kuba               50     1   2  2  
 2 Jiri Fischer             Ole-Kristian Tollefsen   50     1   2  2  

Penalty Kill - 3 Players Forward 
   Forward                                           Time % Phy DF OF 
 1 Sean Bergenheim                                   60     1   2  2  
 2 Tyler Johnson                                     40     1   2  2  

Penalty Kill - 3 Players Defense
   Defense                  Defense                  Time % Phy DF OF 
 1 Filip Kuba               Brent Seabrook           50     1   2  2  
 2 Jiri Fischer             Ole-Kristian Tollefsen   50     1   2  2  

4 vs 4 Forward 
   Center                   Wing                     Time % Phy DF OF 
 1 Mike Richards            Rick Nash                60     1   2  2  
 2 Tyler Johnson            Phil Kessel              40     1   2  2  

4 vs 4 Defense
   Defense                  Defense                  Time % Phy DF OF 
 1 Brent Seabrook           Jiri Fischer             60     1   2  2  
 2 Ole-Kristian Tollefsen   Philip Samuelsson        40     1   2  2  

Last Minutes Offensive
   Center                   Left Wing                Right Wing               Defense                  Defense                  
   Mike Richards            Rick Nash                Phil Kessel              Brent Seabrook           Ole-Kristian Tollefsen   

Last Minutes Defensive
   Center                   Left Wing                Right Wing               Defense                  Defense                  
   Tyler Johnson            Sean Bergenheim          Rick Nash                Jiri Fischer             Filip Kuba               

Goaltenders
Starting : Michal Neuvirth          
Backup : Ilya Bryzgalov           

Extra Forwards
Normal : Rick Nash, Tyler Johnson, Chris Kelly - PP : Chris Kelly, Alex Picard - PK : Rick Nash
Extra Defensemen
Normal : Brent Seabrook, Ole-Kristian Tollefsen, Philip Samuelsson - PP : Filip Kuba - PK : Brendan Bell, Philip Samuelsson
Penalty Shots
Rick Nash, Mike Richards, Phil Kessel, Brent Seabrook, Sean Bergenheim

Scratches
Nino Niederreiter (Right Forearm Injury)

Stars

5 vs 5 Forward 
   Center                   Left Wing                Right Wing               Time % Phy DF OF 
 1 John Tavares             Scott Hartnell           Michael Frolik           39     0   2  3  
 2 Ryan Getzlaf             Jussi Jokinen            Evgeny Artyukhin         27     0   2  3  
 3 Michal Handzus           Matt Cooke               Daniel Cleary            20     1   2  2  
 4 Rickard Wallin           Dustin Penner            Patrick Eaves            14     1   2  2  

5 vs 5 Defense 
   Defense                  Defense                                           Time % Phy DF OF 
 1 Johnny Oduya             Brian Lee                                         40     1   2  2  
 2 Trevor Daley             Andrei Markov                                     30     1   2  2  
 3 Raphael Diaz             Shaone Morrisonn                                  30     1   2  2  
 4 Johnny Oduya             Brian Lee                                         0      1   2  2  

PowerPlay Forward 
   Center                   Left Wing                Right Wing               Time % Phy DF OF 
 1 John Tavares             Jussi Jokinen            Michael Frolik           60     0   1  4  
 2 Ryan Getzlaf             Scott Hartnell           Evgeny Artyukhin         40     0   1  4  

PowerPlay Defense
   Defense                  Defense                                           Time % Phy DF OF 
 1 Johnny Oduya             Brian Lee                                         60     0   2  3  
 2 Trevor Daley             Andrei Markov                                     40     0   2  3  

Penalty Kill 4 Players Forward 
   Center                   Wing                     Time % Phy DF OF 
 1 Michal Handzus           Scott Hartnell           60     1   3  1  
 2 Rickard Wallin           Dustin Penner            40     1   3  1  

Penalty Kill 4 Players Defense
   Defense                  Defense                  Time % Phy DF OF 
 1 Brian Lee                Shaone Morrisonn         60     0   3  2  
 2 Raphael Diaz             Andrei Markov            40     0   3  2  

Penalty Kill - 3 Players Forward 
   Forward                                           Time % Phy DF OF 
 1 Scott Hartnell                                    60     1   4  0  
 2 Michal Handzus                                    40     1   4  0  

Penalty Kill - 3 Players Defense
   Defense                  Defense                  Time % Phy DF OF 
 1 Johnny Oduya             Brian Lee                60     1   4  0  
 2 Trevor Daley             Andrei Markov            40     1   4  0  

4 vs 4 Forward 
   Center                   Wing                     Time % Phy DF OF 
 1 Trevor Daley             Scott Hartnell           60     1   2  2  
 2 Jussi Jokinen            Michael Frolik           40     1   2  2  

4 vs 4 Defense
   Defense                  Defense                  Time % Phy DF OF 
 1 Johnny Oduya             Brian Lee                60     1   2  2  
 2 Trevor Daley             Andrei Markov            40     1   2  2  

Last Minutes Offensive
   Center                   Left Wing                Right Wing               Defense                  Defense                  
   John Tavares             Scott Hartnell           Michael Frolik           Trevor Daley             Brian Lee                

Last Minutes Defensive
   Center                   Left Wing                Right Wing               Defense                  Defense                  
   Ryan Getzlaf             Scott Hartnell           Daniel Cleary            Johnny Oduya             Shaone Morrisonn         

Goaltenders
Starting : Pascal Leclaire          
Backup : Miika Kiprusoff          

Extra Forwards
Normal : Michal Handzus, Dustin Penner, Michael Frolik - PP : Evgeny Artyukhin, Dustin Penner - PK : Evgeny Artyukhin
Extra Defensemen
Normal : Raphael Diaz, Shaone Morrisonn, Trevor Daley - PP : Raphael Diaz - PK : Shaone Morrisonn, Trevor Daley
Penalty Shots
John Tavares, Michael Frolik, Ryan Getzlaf, Michal Handzus, Evgeny Artyukhin

Scratches
None


% Time on Ice - Red Wings

Lines # - Real PCT - Wanted PCT - Time Play
Normal Forward
1 - 34% - 36% - 16:06
2 - 31% - 36% - 14:58
3 - 24% - 20% - 11:31
4 - 11% - 8% - 5:12
Normal Defense
1 - 38% - 35% - 18:05
2 - 37% - 35% - 17:39
3 - 18% - 20% - 8:43
4 - 7% - 10% - 3:20
PP Forward
1 - 59% - 60% - 3:32
2 - 41% - 40% - 2:25
PP Defense
1 - 72% - 60% - 4:16
2 - 28% - 40% - 1:41
PK Forward
1 - 50% - 50% - 2:59
2 - 50% - 50% - 2:58
PK Defense
1 - 47% - 50% - 2:47
2 - 53% - 50% - 3:10
PK3 Forward
1 - 0% - 60%
2 - 0% - 40%
PK3 Defense
1 - 0% - 50%
2 - 0% - 50%
44 Forward
1 - 0% - 60%
2 - 0% - 40%
44 Defense
1 - 0% - 60%
2 - 0% - 40%
Last Minute Offensive  - 0:19
Last Minute Defensive  - 0:00
Total
Forward - 60:00
Defense - 60:00

% Time on Ice - Stars

Lines # - Real PCT - Wanted PCT - Time Play
Normal Forward
1 - 32% - 39% - 15:16
2 - 27% - 27% - 13:04
3 - 23% - 20% - 10:54
4 - 18% - 14% - 8:36
Normal Defense
1 - 41% - 40% - 19:48
2 - 30% - 30% - 14:25
3 - 28% - 30% - 13:37
4 - 0% - 0% - 0:00
PP Forward
1 - 55% - 60% - 3:15
2 - 45% - 40% - 2:42
PP Defense
1 - 60% - 60% - 3:33
2 - 40% - 40% - 2:24
PK Forward
1 - 71% - 60% - 4:15
2 - 29% - 40% - 1:42
PK Defense
1 - 63% - 60% - 3:45
2 - 37% - 40% - 2:12
PK3 Forward
1 - 0% - 60%
2 - 0% - 40%
PK3 Defense
1 - 0% - 60%
2 - 0% - 40%
44 Forward
1 - 0% - 60%
2 - 0% - 40%
44 Defense
1 - 0% - 60%
2 - 0% - 40%
Last Minute Offensive  - 0:00
Last Minute Defensive  - 0:16
Total
Forward - 60:00
Defense - 60:00

Play by Play

1st period


0:01 of 1st period - Mike Richards wins face-off versus John Tavares in neutral zone.
0:14 of 1st period - Wrist shot by John Tavares.
0:14 of 1st period - Deflect By Michael Frolik.
0:14 of 1st period - Stopped by Michal Neuvirth without a rebound.
0:15 of 1st period - Ryan Getzlaf wins face-off versus Tyler Johnson in Red Wings zone.
0:33 of 1st period - Minor Penalty to Sean Bergenheim for Slashing.
0:34 of 1st period - John Tavares wins face-off versus Tyler Johnson in Red Wings zone.
0:44 of 1st period - Snap shot by John Tavares.
0:44 of 1st period - Stopped by Michal Neuvirth with a rebound.
2:33 of 1st period - Penalty to Sean Bergenheim is over, Sean Bergenheim is back on ice.
2:41 of 1st period - Snap shot by Tyler Johnson.
2:41 of 1st period - Shot Misses the Net.
2:43 of 1st period - Wrist shot by Tyler Johnson.
2:43 of 1st period - Deflect By Matt Cooke.
2:43 of 1st period - Shot Misses the Net.
2:43 of 1st period - Puck is out of play.
2:44 of 1st period - Mike Richards wins face-off versus Rickard Wallin in Stars zone.
2:45 of 1st period - Wrist shot by Phil Kessel.
2:45 of 1st period - Stopped by Pascal Leclaire with a rebound.
2:47 of 1st period - Snap shot by Mike Richards.
2:47 of 1st period - Shot Misses the Net.
2:49 of 1st period - Slapshot by Philip Samuelsson.
2:49 of 1st period - Shot Blocked by Raphael Diaz.
3:01 of 1st period - Snap shot by Adam Henrique.
3:01 of 1st period - Shot Blocked by Raphael Diaz.
4:15 of 1st period - Slapshot by Brian Lee.
4:15 of 1st period - Shot Blocked by Rick Nash.
4:17 of 1st period - Wrist shot by Johnny Oduya.
4:17 of 1st period - Shot Misses the Net.
4:19 of 1st period - Slapshot by Brian Lee.
4:19 of 1st period - Stopped by Michal Neuvirth with a rebound.
4:21 of 1st period - Wrist shot by Johnny Oduya.
4:21 of 1st period - Stopped by Michal Neuvirth without a rebound.
4:22 of 1st period - Michal Handzus wins face-off versus Chris Kelly in Red Wings zone.
4:33 of 1st period - Snap shot by Michal Handzus.
4:33 of 1st period - Shot Blocked by Philip Samuelsson.
5:18 of 1st period - Wrist shot by John Tavares.
5:18 of 1st period - Stopped by Michal Neuvirth with a rebound.
5:48 of 1st period - Wrist shot by Tyler Johnson.
5:48 of 1st period - Deflect By Sean Bergenheim.
5:48 of 1st period - Stopped by Pascal Leclaire with a rebound.
5:54 of 1st period - Slapshot by Rick Nash.
5:54 of 1st period - Deflect By Sean Bergenheim.
5:54 of 1st period - Shot Misses the Net.
5:54 of 1st period - Puck is out of play.
5:55 of 1st period - John Tavares wins face-off versus Mike Richards in Stars zone.
6:04 of 1st period - Ole-Kristian Tollefsen is hit by John Tavares.
6:32 of 1st period - Sean Bergenheim is hit by Ryan Getzlaf.
6:41 of 1st period - Icing by Ryan Getzlaf.
6:42 of 1st period - Ales Hemsky wins face-off versus Rickard Wallin in Stars zone.
6:53 of 1st period - Wrist shot by Alex Picard.
6:53 of 1st period - Goal by Alex Picard - Red Wings : 1 - Stars : 0.
6:54 of 1st period - Scott Hartnell wins face-off versus Tyler Johnson in neutral zone.
6:56 of 1st period - Minor Penalty to Trevor Daley for Tripping.
6:57 of 1st period - Rick Nash wins face-off versus Michal Handzus in Stars zone.
7:01 of 1st period - Snap shot by Mike Richards.
7:01 of 1st period - Stopped by Pascal Leclaire with a rebound.
7:53 of 1st period - Philip Samuelsson is hit by Michal Handzus and loses puck.
8:56 of 1st period - Penalty to Trevor Daley is over, Trevor Daley is back on ice.
9:04 of 1st period - Snap shot by Alex Picard.
9:04 of 1st period - Shot Blocked by Raphael Diaz.
9:06 of 1st period - Wrist shot by Ales Hemsky.
9:06 of 1st period - Stopped by Pascal Leclaire without a rebound.
9:07 of 1st period - Ales Hemsky wins face-off versus Ryan Getzlaf in Stars zone.
9:16 of 1st period - Snap shot by Ales Hemsky.
9:16 of 1st period - Shot Blocked by Andrei Markov.
9:22 of 1st period - Filip Kuba is hit by Ryan Getzlaf.
9:32 of 1st period - Wrist shot by Alex Picard.
9:32 of 1st period - Shot Misses the Net.
9:45 of 1st period - Off-side.
9:46 of 1st period - Michal Handzus wins face-off versus Tyler Johnson in neutral zone.
9:51 of 1st period - Snap shot by Michal Handzus.
9:51 of 1st period - Stopped by Michal Neuvirth with a rebound.
10:17 of 1st period - Slapshot by Brian Lee.
10:17 of 1st period - Stopped by Michal Neuvirth without a rebound.
10:18 of 1st period - Mike Richards wins face-off versus John Tavares in Red Wings zone.
10:18 of 1st period - Mike Richards is hit by Raphael Diaz.
10:21 of 1st period - Minor Penalty to Phil Kessel for Tripping.
10:22 of 1st period - Tyler Johnson wins face-off versus John Tavares in Red Wings zone.
10:58 of 1st period - Backhand shot by Ryan Getzlaf.
10:58 of 1st period - Shot Blocked by Ole-Kristian Tollefsen.
11:00 of 1st period - Slapshot by Johnny Oduya.
11:00 of 1st period - Stopped by Michal Neuvirth without a rebound.
11:01 of 1st period - John Tavares wins face-off versus Tyler Johnson in Red Wings zone.
11:26 of 1st period - Filip Kuba is hit by Ryan Getzlaf and loses puck.
11:43 of 1st period - Snap shot by Rick Nash.
11:43 of 1st period - Stopped by Pascal Leclaire without a rebound.
11:44 of 1st period - John Tavares wins face-off versus Rick Nash in Stars zone.
12:21 of 1st period - Penalty to Phil Kessel is over, Phil Kessel is back on ice.
12:44 of 1st period - Trevor Daley is hit by Rick Nash and loses puck.
13:11 of 1st period - Andrei Markov is hit by Phil Kessel and loses puck.
13:32 of 1st period - Snap shot by Rick Nash.
13:32 of 1st period - Shot Blocked by Daniel Cleary.
13:46 of 1st period - Slapshot by Sean Bergenheim.
13:46 of 1st period - Stopped by Pascal Leclaire without a rebound.
13:47 of 1st period - John Tavares wins face-off versus Chris Kelly in Stars zone.
13:47 of 1st period - John Tavares is hit by Philip Samuelsson.
14:13 of 1st period - Johnny Oduya is hit by Tyler Johnson.
14:21 of 1st period - Jussi Jokinen is hit by Philip Samuelsson and loses puck.
14:52 of 1st period - Off-side.
14:53 of 1st period - John Tavares wins face-off versus Nate Thompson in neutral zone.
15:23 of 1st period - Icing by Evgeny Artyukhin.
15:24 of 1st period - Chris Kelly wins face-off versus Ryan Getzlaf in Stars zone.
15:35 of 1st period - Snap shot by Ryan Getzlaf.
15:35 of 1st period - Stopped by Michal Neuvirth without a rebound.
15:36 of 1st period - Chris Kelly wins face-off versus John Tavares in Red Wings zone.
16:03 of 1st period - Tyler Johnson is hit by Jussi Jokinen and loses puck.
16:10 of 1st period - Slapshot by Jussi Jokinen.
16:10 of 1st period - Shot Misses the Net.
16:32 of 1st period - Mike Richards is hit by Johnny Oduya and loses puck.
16:51 of 1st period - Snap shot by Trevor Daley.
16:51 of 1st period - Shot Misses the Net.
16:53 of 1st period - Slapshot by Dustin Penner.
16:53 of 1st period - Deflect By Patrick Eaves.
16:53 of 1st period - Shot Misses the Net.
16:53 of 1st period - Puck is out of play.
16:54 of 1st period - John Tavares wins face-off versus Tyler Johnson in Red Wings zone.
17:01 of 1st period - Snap shot by John Tavares.
17:01 of 1st period - Shot Blocked by Ole-Kristian Tollefsen.
17:03 of 1st period - Snap shot by Michael Frolik.
17:03 of 1st period - Shot Blocked by Rick Nash.
17:05 of 1st period - Wrist shot by Michael Frolik.
17:05 of 1st period - Shot Blocked by Ole-Kristian Tollefsen.
17:07 of 1st period - Snap shot by Michael Frolik.
17:07 of 1st period - Deflect By John Tavares.
17:07 of 1st period - Stopped by Michal Neuvirth without a rebound.
17:08 of 1st period - John Tavares wins face-off versus Phil Kessel in Red Wings zone.
17:55 of 1st period - Minor Penalty to Evgeny Artyukhin for Charging.
17:56 of 1st period - Michal Handzus wins face-off versus Rick Nash in Stars zone.
18:05 of 1st period - Ole-Kristian Tollefsen is hit by Michal Handzus and loses puck.
18:28 of 1st period - Snap shot by Tyler Johnson.
18:28 of 1st period - Deflect By Adam Henrique.
18:28 of 1st period - Shot Misses the Net.
18:28 of 1st period - Puck is out of play.
18:29 of 1st period - Rickard Wallin wins face-off versus Rick Nash in Stars zone.
18:59 of 1st period - Raphael Diaz is hit by Jiri Fischer.
19:55 of 1st period - Penalty to Evgeny Artyukhin is over, Evgeny Artyukhin is back on ice.
Goals for this period are 1 for Red Wings vs 0 for Stars.
Shots for this period are 7 for Red Wings vs 10 for Stars.

2nd period


0:01 of 2nd period - Mike Richards wins face-off versus John Tavares in neutral zone.
0:08 of 2nd period - Slapshot by Phil Kessel.
0:08 of 2nd period - Shot Misses the Net.
0:12 of 2nd period - Wrist shot by Adam Henrique.
0:12 of 2nd period - Shot Misses the Net.
0:14 of 2nd period - Snap shot by Mike Richards.
0:14 of 2nd period - Stopped by Pascal Leclaire with a rebound.
0:16 of 2nd period - Snap shot by Adam Henrique.
0:16 of 2nd period - Stopped by Pascal Leclaire without a rebound.
0:17 of 2nd period - Rick Nash wins face-off versus Ryan Getzlaf in Stars zone.
0:42 of 2nd period - Slapshot by Michael Frolik.
0:42 of 2nd period - Stopped by Michal Neuvirth without a rebound.
0:43 of 2nd period - John Tavares wins face-off versus Mike Richards in Red Wings zone.
0:44 of 2nd period - Snap shot by Scott Hartnell.
0:44 of 2nd period - Shot Blocked by Adam Henrique.
0:46 of 2nd period - Snap shot by Michael Frolik.
0:46 of 2nd period - Stopped by Michal Neuvirth with a rebound.
0:48 of 2nd period - Slapshot by Johnny Oduya.
0:48 of 2nd period - Shot Blocked by Adam Henrique.
0:50 of 2nd period - Snap shot by Johnny Oduya.
0:50 of 2nd period - Deflect By Scott Hartnell.
0:50 of 2nd period - Shot Misses the Net.
0:50 of 2nd period - Puck is out of play.
0:51 of 2nd period - John Tavares wins face-off versus Mike Richards in Red Wings zone.
1:01 of 2nd period - Off-side.
1:02 of 2nd period - John Tavares wins face-off versus Mike Richards in neutral zone.
1:09 of 2nd period - Wrist shot by Scott Hartnell.
1:09 of 2nd period - Stopped by Michal Neuvirth with a rebound.
1:33 of 2nd period - Wrist shot by Sean Bergenheim.
1:33 of 2nd period - Deflect By Tyler Johnson.
1:33 of 2nd period - Shot Misses the Net.
1:33 of 2nd period - Puck is out of play.
1:34 of 2nd period - Ryan Getzlaf wins face-off versus Tyler Johnson in Stars zone.
1:39 of 2nd period - Slapshot by Jussi Jokinen.
1:39 of 2nd period - Shot Blocked by Tyler Johnson.
1:41 of 2nd period - Slapshot by Evgeny Artyukhin.
1:41 of 2nd period - Stopped by Michal Neuvirth with a rebound.
1:43 of 2nd period - Slapshot by Shaone Morrisonn.
1:43 of 2nd period - Stopped by Michal Neuvirth with a rebound.
1:45 of 2nd period - Slapshot by Raphael Diaz.
1:45 of 2nd period - Shot Blocked by Sean Bergenheim.
1:47 of 2nd period - Snap shot by Evgeny Artyukhin.
1:47 of 2nd period - Stopped by Michal Neuvirth with a rebound.
1:49 of 2nd period - Snap shot by Jussi Jokinen.
1:49 of 2nd period - Goal by Jussi Jokinen - Red Wings : 1 - Stars : 1.
1:50 of 2nd period - John Tavares wins face-off versus Mike Richards in neutral zone.
2:14 of 2nd period - Icing by Andrei Markov.
2:15 of 2nd period - Tyler Johnson wins face-off versus Ryan Getzlaf in Stars zone.
2:19 of 2nd period - Wrist shot by Tyler Johnson.
2:19 of 2nd period - Shot Blocked by Andrei Markov.
2:21 of 2nd period - Snap shot by Ole-Kristian Tollefsen.
2:21 of 2nd period - Shot Blocked by Evgeny Artyukhin.
2:23 of 2nd period - Snap shot by Sean Bergenheim.
2:23 of 2nd period - Stopped by Pascal Leclaire with a rebound.
2:25 of 2nd period - Snap shot by Rick Nash.
2:25 of 2nd period - Stopped by Pascal Leclaire without a rebound.
2:26 of 2nd period - John Tavares wins face-off versus Mike Richards in Stars zone.
2:53 of 2nd period - Jussi Jokinen is hit by Tyler Johnson and loses puck.
3:24 of 2nd period - Snap shot by Alex Picard.
3:24 of 2nd period - Shot Blocked by Matt Cooke.
3:51 of 2nd period - Snap shot by Michael Frolik.
3:51 of 2nd period - Deflect By John Tavares.
3:51 of 2nd period - Shot Misses the Net.
3:51 of 2nd period - Puck is out of play.
3:52 of 2nd period - Nate Thompson wins face-off versus John Tavares in Red Wings zone.
4:15 of 2nd period - Wrist shot by Nate Thompson.
4:15 of 2nd period - Shot Blocked by Trevor Daley.
4:17 of 2nd period - Wrist shot by Rick Nash.
4:17 of 2nd period - Shot Misses the Net.
4:19 of 2nd period - Wrist shot by Rick Nash.
4:19 of 2nd period - Stopped by Pascal Leclaire with a rebound.
4:21 of 2nd period - Snap shot by Rick Nash.
4:21 of 2nd period - Stopped by Pascal Leclaire without a rebound.
4:22 of 2nd period - Mike Richards wins face-off versus Ryan Getzlaf in Stars zone.
4:35 of 2nd period - Snap shot by Phil Kessel.
4:35 of 2nd period - Stopped by Pascal Leclaire without a rebound.
4:36 of 2nd period - John Tavares wins face-off versus Tyler Johnson in Stars zone.
5:55 of 2nd period - Backhand shot by Rick Nash.
5:55 of 2nd period - Shot Blocked by Johnny Oduya.
5:57 of 2nd period - Slapshot by Brent Seabrook.
5:57 of 2nd period - Stopped by Pascal Leclaire with a rebound.
5:59 of 2nd period - Slapshot by Brent Seabrook.
5:59 of 2nd period - Stopped by Pascal Leclaire without a rebound.
6:00 of 2nd period - John Tavares wins face-off versus Adam Henrique in Stars zone.
6:11 of 2nd period - Slapshot by Adam Henrique.
6:11 of 2nd period - Shot Misses the Net.
6:13 of 2nd period - Snap shot by Ole-Kristian Tollefsen.
6:13 of 2nd period - Deflect By Phil Kessel.
6:13 of 2nd period - Stopped by Pascal Leclaire with a rebound.
6:24 of 2nd period - Icing by John Tavares.
6:25 of 2nd period - Scott Hartnell wins face-off versus Tyler Johnson in Stars zone.
7:24 of 2nd period - Slapshot by Trevor Daley.
7:24 of 2nd period - Stopped by Michal Neuvirth with a rebound.
7:26 of 2nd period - Slapshot by Andrei Markov.
7:26 of 2nd period - Shot Misses the Net.
7:34 of 2nd period - Wrist shot by Patrick Eaves.
7:34 of 2nd period - Goal by Patrick Eaves - Red Wings : 1 - Stars : 2.
7:35 of 2nd period - John Tavares wins face-off versus Tyler Johnson in neutral zone.
7:40 of 2nd period - Snap shot by Michael Frolik.
7:40 of 2nd period - Deflect By John Tavares.
7:40 of 2nd period - Shot Misses the Net.
7:40 of 2nd period - Puck is out of play.
7:41 of 2nd period - John Tavares wins face-off versus Tyler Johnson in Red Wings zone.
10:49 of 2nd period - Snap shot by Scott Hartnell.
10:49 of 2nd period - Stopped by Michal Neuvirth with a rebound.
11:04 of 2nd period - Minor Penalty to Evgeny Artyukhin for Hooking.
11:05 of 2nd period - Michal Handzus wins face-off versus Rick Nash in Stars zone.
11:09 of 2nd period - Snap shot by Shaone Morrisonn.
11:09 of 2nd period - Stopped by Michal Neuvirth without a rebound.
11:10 of 2nd period - Michal Handzus wins face-off versus Rick Nash in Red Wings zone.
11:17 of 2nd period - Snap shot by Michal Handzus.
11:17 of 2nd period - Shot Blocked by Mike Richards.
11:51 of 2nd period - Snap shot by Rick Nash.
11:51 of 2nd period - Stopped by Pascal Leclaire without a rebound.
11:52 of 2nd period - Tyler Johnson wins face-off versus Michal Handzus in Stars zone.
12:01 of 2nd period - Wrist shot by Adam Henrique.
12:01 of 2nd period - Deflect By Tyler Johnson.
12:01 of 2nd period - Shot Blocked by Scott Hartnell.
12:01 of 2nd period - Puck is out of play.
12:02 of 2nd period - Adam Henrique wins face-off versus Michal Handzus in Stars zone.
12:03 of 2nd period - Snap shot by Phil Kessel.
12:03 of 2nd period - Shot Misses the Net.
12:05 of 2nd period - Slapshot by Phil Kessel.
12:05 of 2nd period - Stopped by Pascal Leclaire without a rebound.
12:06 of 2nd period - Rick Nash wins face-off versus Michal Handzus in Stars zone.
12:19 of 2nd period - Wrist shot by Rick Nash.
12:19 of 2nd period - Stopped by Pascal Leclaire with a rebound.
13:04 of 2nd period - Penalty to Evgeny Artyukhin is over, Evgeny Artyukhin is back on ice.
13:33 of 2nd period - Michael Frolik is hit by Brendan Bell and loses puck.
14:06 of 2nd period - Matt Cooke is hit by Sean Bergenheim and loses puck.
14:43 of 2nd period - Snap shot by Evgeny Artyukhin.
14:43 of 2nd period - Stopped by Michal Neuvirth with a rebound.
15:16 of 2nd period - Slapshot by Trevor Daley.
15:16 of 2nd period - Deflect By Alex Picard.
15:16 of 2nd period - Stopped by Michal Neuvirth with a rebound.
15:18 of 2nd period - Snap shot by Daniel Cleary.
15:18 of 2nd period - Stopped by Michal Neuvirth with a rebound.
15:48 of 2nd period - Jussi Jokinen is hit by Mike Richards and loses puck.
16:16 of 2nd period - Alex Picard is hit by Michal Handzus and loses puck.
16:27 of 2nd period - Mike Richards is hit by Andrei Markov and loses puck.
16:56 of 2nd period - Brendan Bell is hit by Brian Lee and loses puck.
17:05 of 2nd period - Johnny Oduya is hit by Oleg Saprykin and loses puck.
18:05 of 2nd period - Icing by Raphael Diaz.
18:06 of 2nd period - John Tavares wins face-off versus Chris Kelly in Stars zone.
18:35 of 2nd period - Slapshot by John Tavares.
18:35 of 2nd period - Stopped by Michal Neuvirth with a rebound.
18:49 of 2nd period - Wrist shot by John Tavares.
18:49 of 2nd period - Goal by John Tavares - Red Wings : 1 - Stars : 3.
18:50 of 2nd period - Jussi Jokinen wins face-off versus Phil Kessel in neutral zone.
19:01 of 2nd period - Mike Richards is hit by Andrei Markov and loses puck.
Goals for this period are 0 for Red Wings vs 3 for Stars.
Shots for this period are 13 for Red Wings vs 16 for Stars.

3rd period


0:01 of 3rd period - Tyler Johnson wins face-off versus John Tavares in neutral zone.
0:06 of 3rd period - Snap shot by Michael Frolik.
0:06 of 3rd period - Stopped by Michal Neuvirth with a rebound.
1:01 of 3rd period - Slapshot by Ales Hemsky.
1:01 of 3rd period - Shot Misses the Net.
1:34 of 3rd period - Rick Nash is hit by John Tavares and loses puck.
1:57 of 3rd period - Phil Kessel is hit by Johnny Oduya and loses puck.
2:21 of 3rd period - Chris Kelly is hit by Matt Cooke and loses puck.
3:26 of 3rd period - Trevor Daley is hit by Tyler Johnson and loses puck.
3:53 of 3rd period - Michael Frolik is hit by Chris Kelly and loses puck.
4:11 of 3rd period - Wrist shot by Patrick Eaves.
4:11 of 3rd period - Stopped by Michal Neuvirth without a rebound.
4:12 of 3rd period - John Tavares wins face-off versus Tyler Johnson in Red Wings zone.
4:35 of 3rd period - Icing by Sean Bergenheim.
4:36 of 3rd period - Tyler Johnson wins face-off versus Ryan Getzlaf in Red Wings zone.
4:43 of 3rd period - Snap shot by Sean Bergenheim.
4:43 of 3rd period - Shot Blocked by Brian Lee.
4:51 of 3rd period - Ryan Getzlaf is hit by Adam Henrique and loses puck.
5:46 of 3rd period - Snap shot by Ryan Getzlaf.
5:46 of 3rd period - Deflect By Evgeny Artyukhin.
5:46 of 3rd period - Shot Blocked by Brendan Bell.
5:46 of 3rd period - Puck is out of play.
5:47 of 3rd period - Mike Richards wins face-off versus John Tavares in Red Wings zone.
5:47 of 3rd period - Mike Richards is hit by Michael Frolik.
6:14 of 3rd period - Icing by John Tavares.
6:15 of 3rd period - John Tavares wins face-off versus Tyler Johnson in Stars zone.
6:50 of 3rd period - Wrist shot by Daniel Cleary.
6:50 of 3rd period - Shot Misses the Net.
6:52 of 3rd period - Snap shot by Matt Cooke.
6:52 of 3rd period - Stopped by Michal Neuvirth without a rebound.
6:53 of 3rd period - Michal Handzus wins face-off versus Tyler Johnson in Red Wings zone.
6:56 of 3rd period - Snap shot by Daniel Cleary.
6:56 of 3rd period - Shot Blocked by Ole-Kristian Tollefsen.
6:58 of 3rd period - Snap shot by Michal Handzus.
6:58 of 3rd period - Shot Misses the Net.
7:00 of 3rd period - Slapshot by Michal Handzus.
7:00 of 3rd period - Stopped by Michal Neuvirth without a rebound.
7:01 of 3rd period - Michal Handzus wins face-off versus Tyler Johnson in Red Wings zone.
7:05 of 3rd period - Minor Penalty to Philip Samuelsson for Goalie Interference.
7:06 of 3rd period - Rick Nash wins face-off versus John Tavares in Red Wings zone.
8:44 of 3rd period - Jiri Fischer is hit by Evgeny Artyukhin and loses puck.
9:05 of 3rd period - Penalty to Philip Samuelsson is over, Philip Samuelsson is back on ice.
9:05 of 3rd period - Wrist shot by Daniel Cleary.
9:05 of 3rd period - Deflect By Matt Cooke.
9:05 of 3rd period - Stopped by Michal Neuvirth with a rebound.
9:29 of 3rd period - Slapshot by Phil Kessel.
9:29 of 3rd period - Stopped by Pascal Leclaire without a rebound.
9:30 of 3rd period - Mike Richards wins face-off versus Michal Handzus in Stars zone.
10:08 of 3rd period - Jussi Jokinen is hit by Brendan Bell and loses puck.
10:20 of 3rd period - Snap shot by Evgeny Artyukhin.
10:20 of 3rd period - Stopped by Michal Neuvirth with a rebound.
10:38 of 3rd period - Snap shot by Mike Richards.
10:38 of 3rd period - Stopped by Pascal Leclaire with a rebound.
10:40 of 3rd period - Snap shot by Phil Kessel.
10:40 of 3rd period - Shot Blocked by Johnny Oduya.
10:42 of 3rd period - Slapshot by Filip Kuba.
10:42 of 3rd period - Stopped by Pascal Leclaire without a rebound.
10:43 of 3rd period - Michael Frolik wins face-off versus Tyler Johnson in Stars zone.
10:57 of 3rd period - Backhand shot by Sean Bergenheim.
10:57 of 3rd period - Goal by Sean Bergenheim - Red Wings : 2 - Stars : 3.
10:58 of 3rd period - John Tavares wins face-off versus Tyler Johnson in neutral zone.
11:25 of 3rd period - Ole-Kristian Tollefsen is hit by Ryan Getzlaf and loses puck.
12:30 of 3rd period - Wrist shot by Michael Frolik.
12:30 of 3rd period - Shot Blocked by Jiri Fischer.
12:32 of 3rd period - Wrist shot by Scott Hartnell.
12:32 of 3rd period - Shot Misses the Net.
12:34 of 3rd period - Slapshot by John Tavares.
12:34 of 3rd period - Goal by John Tavares - Red Wings : 2 - Stars : 4.
12:35 of 3rd period - John Tavares wins face-off versus Tyler Johnson in neutral zone.
13:07 of 3rd period - Wrist shot by Phil Kessel.
13:07 of 3rd period - Stopped by Pascal Leclaire without a rebound.
13:08 of 3rd period - Ryan Getzlaf wins face-off versus Mike Richards in Stars zone.
13:27 of 3rd period - Snap shot by Mike Richards.
13:27 of 3rd period - Shot Blocked by Raphael Diaz.
13:39 of 3rd period - Shaone Morrisonn is hit by Rick Nash and loses puck.
13:54 of 3rd period - John Tavares is hit by Filip Kuba and loses puck.
14:25 of 3rd period - Brian Lee is hit by Nate Thompson and loses puck.
15:15 of 3rd period - Off-side.
15:16 of 3rd period - Michal Handzus wins face-off versus Mike Richards in neutral zone.
15:41 of 3rd period - Daniel Cleary is hit by Ole-Kristian Tollefsen.
16:04 of 3rd period - Jiri Fischer is hit by Raphael Diaz and loses puck.
16:29 of 3rd period - Wrist shot by Adam Henrique.
16:29 of 3rd period - Goal by Adam Henrique - Red Wings : 3 - Stars : 4.
16:30 of 3rd period - Chris Kelly wins face-off versus John Tavares in neutral zone.
17:18 of 3rd period - Slapshot by Brent Seabrook.
17:18 of 3rd period - Deflect By Patrick Eaves.
17:18 of 3rd period - Stopped by Pascal Leclaire with a rebound.
17:20 of 3rd period - Wrist shot by Rick Nash.
17:20 of 3rd period - Shot Misses the Net.
17:26 of 3rd period - Slapshot by Brent Seabrook.
17:26 of 3rd period - Shot Misses the Net.
17:39 of 3rd period - Icing by Jiri Fischer.
17:40 of 3rd period - Ryan Getzlaf wins face-off versus Tyler Johnson in Red Wings zone.
17:48 of 3rd period - Icing by Jiri Fischer.
17:49 of 3rd period - Michal Handzus wins face-off versus Tyler Johnson in Red Wings zone.
17:50 of 3rd period - Backhand shot by Daniel Cleary.
17:50 of 3rd period - Stopped by Michal Neuvirth without a rebound.
17:51 of 3rd period - Chris Kelly wins face-off versus Matt Cooke in Red Wings zone.
18:16 of 3rd period - Daniel Cleary is hit by Rick Nash and loses puck.
18:39 of 3rd period - Red Wings, Michal Neuvirth is pulled from the net.
18:43 of 3rd period - Snap shot by Phil Kessel.
18:43 of 3rd period - Shot Misses the Net.
18:45 of 3rd period - Snap shot by Adam Henrique.
18:45 of 3rd period - Shot Misses the Net.
19:11 of 3rd period - Slapshot by Brian Lee.
19:11 of 3rd period - Goal by Brian Lee - Red Wings : 3 - Stars : 5.
19:11 of 3rd period - Michal Neuvirth from Red Wings was sent back in the game.
19:12 of 3rd period - Michal Handzus wins face-off versus Chris Kelly in neutral zone.
19:23 of 3rd period - Snap shot by Chris Kelly.
19:23 of 3rd period - Shot Misses the Net.
19:25 of 3rd period - Backhand shot by Chris Kelly.
19:25 of 3rd period - Shot Misses the Net.
19:27 of 3rd period - Snap shot by Jiri Fischer.
19:27 of 3rd period - Shot Misses the Net.
19:37 of 3rd period - Nate Thompson is hit by Patrick Eaves and loses puck.
Goals for this period are 2 for Red Wings vs 2 for Stars.
Shots for this period are 7 for Red Wings vs 9 for Stars.